 Dungeon Crawl Stone Soup version 0.27-a0-1200-g94dc6ad4cf (webtiles) character file.

Game seed: 15161709533524929882

28 Azzok the Chopper (level 2, 0/24 HPs)
             Began as a Demonspawn Berserker on May 30, 2021.
             Was a Believer of Trog.
             Killed from afar by a dart slug (4 damage)
             ... with a slug dart
             ... on level 1 of the Dungeon.
             The game lasted 00:00:35 (986 turns).

Azzok the Chopper (Demonspawn Berserker)             Turns: 986, Time: 00:00:36

Health: 0/24       AC:  2    Str: 17    XL:     2   Next: 96%
Magic:  2/2        EV: 12    Int:  8    God:    Trog [**....]
Gold:   15         SH:  0    Dex: 12    Spells: 1/1 levels left

rFire    . . .     SeeInvis .   a - +0 hand axe
rCold    . . .     Faith    .   (no shield)
rNeg     . . .     Spirit   .   b - +0 animal skin
rPois    .         Reflect  .   (no helmet)
rElec    .         Harm     .   (no cloak)
rCorr    .         Rampage  .   (no gloves)
Will     .....                  (no boots)
Stlth    +.........             (no amulet)
HPRegen  0.08/turn              (no ring)
MPRegen  0.08/turn              (no ring)

@: on berserk cooldown, slowed, very slow
A: powered by death 1
a: Renounce Religion, Berserk, Trog's Hand


You were on level 1 of the Dungeon.
You worshipped Trog.
Trog was pleased with you.
You visited 1 branch of the dungeon, and saw 1 of its levels.

You collected 15 gold pieces.

Inventory:

Hand Weapons
 a - a +0 hand axe (weapon)
Armour
 b - a +0 animal skin (worn)
Jewellery
 d - an amulet of regeneration
Scrolls
 e - 2 scrolls of immolation {unknown}
Potions
 c - a potion of cancellation {unknown}


   Skills:
 - Level 3.0 Fighting
 + Level 3.8 Axes
 - Level 1.7 Armour
 - Level 1.7 Dodging


You had one spell level left.
You didn't know any spells.
Your spell library was empty.

Dungeon Overview and Level Annotations

Branches:
Dungeon (1/15)

Altars:


Innate Abilities, Weirdness & Mutations

You regenerate a little health from kills.


Message History

The bat hits you but does no damage. x2; The rat bites you.
The bat hits you but does no damage. x2
The dart slug launches a dart at you. The slug dart hits you.
The rat bites you. The bat hits you.
The dart slug bites you but does no damage.
The rat barely misses you. The bat hits you. The rat barely misses you.
You can move again.
Unknown command.
Unknown command.
Unknown command.
Unknown command.
Unknown command.
Unknown command.
Unknown command.
Unknown command.
Unknown command.
Unknown command.
Unknown command.
Unknown command.
Unknown command.
Unknown command.
The bat barely misses you. The dart slug bites you. The rat bites you.
* * * LOW HITPOINT WARNING * * *
The bat hits you.
* * * LOW HITPOINT WARNING * * *
The bat barely misses you.
A goblin comes into view. It is wielding a +0 dagger of venom.
The dart slug bites you.
* * * LOW HITPOINT WARNING * * *
The rat bites you but does no damage. The bat hits you but does no damage.
Items here: ) ††††.
The dart slug completely misses you. The dart slug launches a dart at you.
The slug dart misses you. The dart slug launches a dart at you.
The slug dart hits you.
You die...

≈≈≈≈≈···▒ ▒···▒···▒··
≈≈≈·≈···▒ ·▒···▒·§·▒··
≈≈≈≈P···▒ ·▒▒≈§§▒≈§≈▒§§
≈≈≈·····▒▒·▒▒▒§≈≈▒§§§▒≈≈
≈g≈···gg·····▒≈≈≈▒§≈≈▒§§
≈≈····▒r▒·(··▒≈§§▒≈≈≈▒§§
≈≈≈≈··▒b▒····▒§≈§▒§≈≈▒≈≈
≈≈≈·· ▒w▒····▒·≈≈≈≈≈≈▒≈≈
≈≈≈·· ▒@▒····▒···§≈≈≈≈≈≈
≈≈≈· ▒·▒····▒▒······≈≈≈
≈≈≈· ▒·▒·····▒▒▒·······
≈P≈·▒▒·▒·▒▒·▒▒ ▒▒▒▒▒···
≈≈≈≈·········▒ ▒▒▒▒
≈≈P···▒▒··▒▒·▒ ≈≈····
▒··▒▒·▒ ≈≈≈·· ▒··▒▒·▒
▒▒▒▒▒▒ ≈≈≈·· ▒··▒▒·▒
▒·····


You could see a dart slug, 2 goblins, a bat and a rat.

Vanquished Creatures
  3 endoplasms (D:1)
  2 giant cockroaches (D:1)
  A goblin (D:1)
  2 hobgoblins (D:1)
  6 jackals (D:1)
  A quokka (D:1)
  2 ball pythons (D:1)
  2 frilled lizards (D:1)
  2 kobolds (D:1)
  2 rats (D:1)
23 creatures vanquished.

Vanquished Creatures (others)
  4 plants (D:1)
4 creatures vanquished.

Grand Total: 27 creatures vanquished

Notes
Turn   | Place    | Note
-------+----------+-------------------------------------------
     0 | D:1      | Azzok the Demonspawn Berserker began the quest for the Orb.
     0 | D:1      | Reached XP level 1. HP: 18/18 MP: 1/1
   382 | D:1      | Gained mutation: You regenerate a little health from kills.
                  | [demonic ancestry]
   382 | D:1      | Reached XP level 2. HP: 17/24 MP: 2/2
   971 | D:1      | Reached ** piety under Trog
   986 | D:1      | Killed from afar by a dart slug

Illustrated notes

Levels and vault maps discovered:
D:1:      dpeg_arrival_water_fire, layout_loops_ring, chequers_big_river

Skill      XL: |  1 |
---------------+----+-----
Axes           | 3 |  3.8
Fighting       | |  3.0
Armour         | |  1.7
Dodging        | |  1.7

Action                   || total
-------------------------++-------
Melee: Hand axe          ||    58
Invok: Berserk           ||     1
Armor: Animal skin       ||    17
Dodge: Dodged            ||    48

Table legend: (Time is in decaauts)
 A = Elapsed time spent in this place.
 B = Non-inter-level travel time spent in this place.
 C = Inter-level travel time spent in this place.
 D = Time resting spent in this place.
 E = Time spent auto-exploring this place.
 F = Levels seen in this place.
 G = Mean time per level.
                   A        B        C        D        E       F      G
               +--------+--------+--------+--------+--------+-----+--------+
         Total |    996 |    996 |      0 |      0 |    844 |   1 |  996.0 |
       Dungeon |    996 |    996 |      0 |      0 |    844 |   1 |  996.0 |
               +--------+--------+--------+--------+--------+-----+--------+

Top non-repeatable levels by time:
     D:1: 996 daAuts
